 Dungeon Crawl Stone Soup version 0.28.0-43-g3370ac3207 (webtiles) character file.

Game seed: 15335432993577861224

619 xzight the Skirmisher (level 7, -5/44 HPs)
             Began as a Gargoyle Fighter on Mar 18, 2022.
             Killed from afar by a white imp (9 damage)
             ... with a puff of frost
             ... on level 4 of the Dungeon.
             The game lasted 00:05:21 (4648 turns).

xzight the Skirmisher (Gargoyle Fighter)            Turns: 4648, Time: 00:05:21

Health: -5/44      AC: 14    Str: 21    XL:     7   Next: 46%
Magic:  7/7        EV:  9    Int:  9    God:
Gold:   231        SH:  5    Dex: 15    Spells: 6/6 levels left

rFire   . . .      SeeInvis .   a - +0 war axe
rCold   . . .      Faith    .   c - +0 buckler
rNeg    + . .      Spirit   .   b - +0 scale mail
rPois   ∞          Reflect  .   e - +0 helmet
rElec   +          Harm     .   (no cloak)
rCorr   +          Rampage  .   (no gloves)
Will    .....                   i - +0 pair of boots
Stlth   ..........              (no amulet)
HPRegen 0.14/turn               R - ring of resist corrosion
MPRegen 0.10/turn               D - +6 ring of dexterity

@: no status effects
A: sickness immunity, AC +4, negative energy resistance 1, electricity
resistance, torment resistance 1, petrification resistance
a: no special abilities


You were on level 4 of the Dungeon.
You visited 1 branch of the dungeon, and saw 4 of its levels.

You collected 231 gold pieces.


Innate Abilities, Weirdness & Mutations

You are immune to sickness and miasma.
Your stone body is resilient. (AC +4)
You are immune to poison.
You resist negative energy. (rN+)
You are resistant to electric shocks. (rElec)
You are resistant to unholy torment.
You are immune to petrification.


   Skills:
 + Level 5.0 Fighting
 * Level 4.8 Axes
 + Level 5.0 Armour
 + Level 5.0 Shields


You had 6 spell levels left.
You didn't know any spells.
Your spell library was empty.

Inventory:

Hand Weapons
 a - a +0 war axe (weapon)
Missiles
 d - 3 throwing nets (quivered) {=f}
Armour
 b - a +0 scale mail (worn)
 c - a +0 buckler (worn)
 e - a +0 helmet (worn)
 i - a +0 pair of boots (worn)
Jewellery
 D - a +6 ring of dexterity (right hand)
 R - a ring of resist corrosion (left hand)
Scrolls
 f - a scroll of vulnerability {unknown}
 g - 3 scrolls of amnesia {unknown}
 h - a scroll of immolation {unknown}
 k - 2 scrolls of teleportation {unknown}
 m - a scroll of identify {@r1}
 n - a scroll of enchant armour {unknown}
Potions
 j - a potion of lignification {unknown}
 l - a potion of mutation {unknown}

Dungeon Overview and Level Annotations

Branches:
Dungeon (4/15)
 Temple: D:4-7

Altars:
Vehumet

Annotations:
D:4 experimilk's ghost, amateur PaFi

###.#.#.#...........#...▒▒▒▒▒..▒▒
#.......#.#.###..##.#..▒▒...▒▒▒▒.
#.##.............##.#..▒......Z..
#.##.#..#.#.###.###.#.▒▒..###ZWW.
#....#................▒..# .....
#..##▒.#....###.##....▒..# ..=...
#......#....###.##..#.▒..# .....#
####.##▒.#.>..........▒▒..##($###
#.....#......@Z.....▒...####..
##..##▒.#.##.#......▒▒........
#......#..........).▒........
#....##▒.##.##.#5...▒▒.5.....
#...........##.#..#..▒▒▒'''▒▒
#...##.####.##.#..##.........
#...##.# #.##.#..######..#.#
#...##.# #.#.....######....#
#...##.# #....#..##...^....#


You could see a white imp and a bullfrog simulacrum.


Message History

The bullfrog simulacrum closely misses you.
The quokka simulacrum closely misses you.
You hit the bullfrog simulacrum but do no damage.
You hit the quokka simulacrum.
The quokka simulacrum vaporises!
The bullfrog simulacrum hits you but does no damage.
The white imp gestures at you. The puff of frost hits you!
The bullfrog simulacrum hits you. The bullfrog simulacrum freezes you!
* * * LOW HITPOINT WARNING * * *
The white imp disappears for a moment.
The bullfrog simulacrum hits you but does no damage.
You hit the bullfrog simulacrum.
The bullfrog simulacrum is lightly damaged.
The bullfrog simulacrum hits you.
* * * LOW HITPOINT WARNING * * *
The bullfrog simulacrum freezes you!
* * * LOW HITPOINT WARNING * * *
The bullfrog simulacrum barely misses you.
The bullfrog simulacrum hits you but does no damage.
Things that are here:
a +0 shortbow; 19 arrows The white imp gestures at you.
The puff of frost hits you!
* * * LOW HITPOINT WARNING * * *
The bullfrog simulacrum hits you but does no damage.
Unknown command.
The white imp gestures at you. The puff of frost hits you!
You die...

Skill      XL: |  1  2  3  4  5  6  7 |
---------------+----------------------+-----
Axes           | 2 3 4 |  4.8
Fighting       | 4 5 |  5.0
Armour         | 4 5 |  5.0
Shields        | 4 5 |  5.0

Action                   |  1- 3 |  4- 6 |  7- 9 || total
-------------------------+-------+-------+-------++-------
Melee: War axe           |   115 |   162 |    52 ||   329
  Use: Scroll            |       |     2 |       ||     2
       Potion            |       |     2 |       ||     2
 Stab: Invisible         |       |     3 |       ||     3
Armor: Scale mail        |    83 |    96 |    33 ||   212
Dodge: Dodged            |    62 |    85 |    26 ||   173
Block: Buckler           |    22 |    32 |    10 ||    64

Levels and vault maps discovered:
D:1:      ncdulo_watergridlock, layout_rooms, basic_ecumenical_altar
D:2:      layout_basic
D:3:      layout_rooms, serial_glass, glass_columns_b, glass_columns_a
D:4:      layout_basic, kennysheep_mini_moat, gammafunk_ghost_icy,
          hangedman_abyss_or_decor_stabs

Notes
Turn   | Place    | Note
-------+----------+-------------------------------------------
     0 | D:1      | xzight the Gargoyle Fighter began the quest for the Orb.
     0 | D:1      | Reached XP level 1. HP: 14/14 MP: 1/1
   181 | D:1      | Reached skill level 2 in Axes
   192 | D:1      | Reached XP level 2. HP: 5/19 MP: 2/2
   620 | D:1      | Found a faded altar of an unknown god.
   877 | D:2      | Reached XP level 3. HP: 22/23 MP: 3/3
  1197 | D:2      | Reached XP level 4. HP: 27/29 MP: 4/4
  1758 | D:3      | Reached skill level 3 in Axes
  1943 | D:3      | Reached skill level 4 in Fighting
  1943 | D:3      | Reached skill level 4 in Armour
  1943 | D:3      | Reached skill level 4 in Shields
  1943 | D:3      | Reached XP level 5. HP: 31/33 MP: 5/5
  2279 | D:3      | Noticed a phantom
  2289 | D:3      | Killed a phantom
  2290 | D:3      | Reached XP level 6. HP: 37/39 MP: 6/6
  2990 | D:4      | Reached skill level 4 in Axes
  3590 | D:4      | Found a radiant altar of Vehumet.
  3689 | D:4      | Found a runed translucent gate.
  3689 | D:4      | Found a runed translucent gate.
  3690 | D:4      | Found a runed translucent gate.
  3792 | D:4      | Reached XP level 7. HP: 35/44 MP: 7/7
  4085 | D:4      | Noticed experimilk's ghost (amateur PaFi)
  4191 | D:4      | Reached skill level 5 in Fighting
  4191 | D:4      | Reached skill level 5 in Armour
  4287 | D:4      | Reached skill level 5 in Shields
  4644 | D:4      | HP: 3/44 [white imp/puff of frost (8)]
  4648 | D:4      | Killed from afar by a white imp

Vanquished Creatures
  A centaur (D:4)
  3 phantoms
  A water moccasin skeleton (D:4)
  2 orc wizards (D:3)
  7 gnolls
  6 adders
  5 worms
  4 orcs (D:3)
  3 bats
  5 endoplasms
  4 giant cockroaches
  5 goblins
  5 hobgoblins
  8 jackals
  5 kobolds
  5 quokkas
  6 ball pythons
  5 frilled lizards (D:2)
  A quokka simulacrum (D:4)
  7 rats
88 creatures vanquished.

Table legend: (Time is in decaauts)
 A = Elapsed time spent in this place.
 B = Non-inter-level travel time spent in this place.
 C = Inter-level travel time spent in this place.
 D = Time resting spent in this place.
 E = Time spent auto-exploring this place.
 F = Levels seen in this place.
 G = Mean time per level.
                   A        B        C        D        E       F      G
               +--------+--------+--------+--------+--------+-----+--------+
         Total |   4778 |   4609 |    169 |   1602 |   2095 |   4 | 1194.5 |
       Dungeon |   4778 |   4609 |    169 |   1602 |   2095 |   4 | 1194.5 |
               +--------+--------+--------+--------+--------+-----+--------+

Top non-repeatable levels by time:
     D:4: 1487 daAuts
     D:3: 1375 daAuts
     D:2: 1025 daAuts
     D:1: 889 daAuts

Table legend:
 A = Non-vault XP
 B = Vault XP
 C = Vault XP percentage of total XP
 D = Non-vault monster count
 E = Vault monster count
 F = Vault count percentage of total count
                 A         B        C        D         E       F
            +---------+---------+-------+---------+---------+-------
      Total |     884 |       1 |   0.1 |      87 |       1 |   1.1
            +---------+---------+-------+---------+---------+-------
        D:1 |      27 |       0 |   0.0 |      15 |       0 |   0.0
        D:2 |      71 |       0 |   0.0 |      28 |       0 |   0.0
        D:3 |     303 |       0 |   0.0 |      26 |       0 |   0.0
        D:4 |     483 |       1 |   0.2 |      18 |       1 |   5.3
            +---------+---------+-------+---------+---------+-------
